 Dungeon Sprint DCSS version 0.31.0-32-g396128a36d (webtiles) character file.

Game seed: 1044308859317056673

18050 James the Acrobat (level 12, -4/71 HPs)
             Began as a Felid Fighter on Apr 20, 2024.
             Was a Believer of Uskayaw.
             Slain by a fire giant
             ... wielding a +2 great sword of flaming
              (31 damage)
             ... in the Dungeon (Sprint I: "Red Sonja").
             The game lasted 00:17:55 (2456 turns).

James the Acrobat (Felid Fighter)                   Turns: 2456, Time: 00:17:55

Health: -4/71      AC:  3    Str: 20    XL:     12   Next: 24%
Magic:  20/20      EV: 33    Int: 13    God:    Uskayaw [**....]
Gold:   1745       SH:  0    Dex: 16    Spells: 11/11 levels left
                                        Lives:  0   Deaths: 4

rFire   . .          .
                       - Unarmed
rCold   + . .        (shield unavailable)
rNeg    . . .        (body armour unavailable)
rPois   +            (helmet unavailable)
rElec   .            (cloak unavailable)
rCorr   +            (gloves unavailable)
SInv    +            (boots unavailable)
Will    +....        (no amulet)
Stlth   +++++++      o - ring of Uckirot {rCorr Str+4}
HPRegen 0.31/turn    q - ring of poison resistance
MPRegen 0.17/turn

%: no teleportation
@: studying Dodging
A: very small, claws 1, fangs 3, see invisible, shaggy fur 3, stealthy paws, no
weapons or thrown items, no armour, multi-lived
a: Renounce Religion, Stomp, Line Pass


You were in the Dungeon.
You worshipped Uskayaw.
Uskayaw was aware of your devotion.
You visited 1 branch You collected 2939 gold pieces.
You spent 1194 gold pieces at shops.

Inventory:

Jewellery
 o - the ring of Uckirot (left paw) {rCorr Str+4}
   (You acquired it in the Dungeon)

   [ring of resist corrosion]

   Str+4:     It affects your strength (+4).
   rCorr:     It protects you from acid and corrosion.
 q - a ring of poison resistance (right paw)
   (You acquired it in the Dungeon)
Wands
 d - a wand of iceblast (3)
   (You took it off Ijyb in the Dungeon)
Scrolls
 f - a scroll of enchant armour {unknown}
 g - a scroll of blinking
 k - 4 scrolls of fear
 l - a scroll of fog {unknown}
 m - 2 scrolls of enchant weapon
 p - a scroll of revelation
Potions
 a - a potion of might
 b - 3 potions of curing {@q1}
 c - 4 potions of heal wounds {@q2}
 e - 3 potions of magic
 h - a potion of haste {@q3}
 i - 2 potions of mutation {!q}
 j - 2 potions of cancellation
 n - 3 potions of enlightenment


   Skills:
 - Level 12.0 Fighting
 - Level 22.0 Dodging
 - Level 20.0 Stealth
 + Level 19.7 Unarmed Combat
 - Level 10.0 Invocations


You had 11 spell levels left.
You didn't know any spells.
Your spell library contained the following spells:

 Spells                   Type           Power      Damage    Failure   Level
 Cigotuvi's Dreadful Rot  Necr/Alch/Air  0%         N/A       43%         2
 Dispel Undead            Necr           0%         3d6       97%         4
 Martyr's Knell           Necr/Summ      0%         N/A       97%         4
 Death Channel            Necr           0%         N/A       100%        6


Dungeon Overview and Level Annotations

Branches:
Dungeon (1/1)

Altars:
Cheibriados
Dithmenos
Elyvilon
Fedhas
Gozag
Hepliaklqana
Kikubaaqudgha
Makhleb
Nemelex Xobeh
Okawaru
Qazlal
Ru
Sif Muna
Trog
Uskayaw
Vehumet
Wu Jian
Xom
Yredelemnul
Zin
The Shining One
Jiyva
Lugonu

Shops:
D *(*?:!((!??(:([[[!


Innate Abilities, Weirdness & Mutations

You have sharp claws.
You have razor-sharp teeth.
You have supernaturally acute eyesight. (SInv)
Your thick and shaggy fur keeps you warm. (AC +3, rC+)
Your paws help you pounce on unaware monsters.
You are incapable of wielding weapons or throwing items.
You cannot wear armour.
You gain extra lives every three experience levels.


Message History

Unknown command.
You now have 1484 gold pieces (gained 27).
You now have 1511 gold pieces (gained 27).
You open the door.
Found 10 gold pieces and a scroll of identify.
There is an open door here.
You now have 1521 gold pieces (gained 10).
r - a scroll of identify {@r1}
As you read the scroll of identify {@r1}, it crumbles to dust.
m - 2 scrolls of enchant weapon Something appears before you!
q - a ring of poison resistance
q - a ring of poison resistance (right paw)
You start resting.
Okay, then.
Unknown command.
There is an open door here.
You now have 1548 gold pieces (gained 27).
You now have 1575 gold pieces (gained 27).
You now have 1602 gold pieces (gained 27).
You now have 1629 gold pieces (gained 27).
You are engulfed in freezing vapours.
You resist.
You see here 27 gold pieces.
You now have 1656 gold pieces (gained 27).
You are engulfed in freezing vapours.
You resist.
You now have 1683 gold pieces (gained 27).
You now have 1691 gold pieces (gained 8).
Okay, then.
You now have 1718 gold pieces (gained 27).
You now have 1745 gold pieces (gained 27).
You start resting.
You are engulfed in freezing vapours.
You resist.
* * * LOW HITPOINT WARNING * * *
You open the large door.
A meliai and a lorocyproca come into view.
You are engulfed in freezing vapours.
You resist.
* * * LOW HITPOINT WARNING * * *
Found 162 gold pieces.
Found 10 gold pieces.
There is a large open door here.
You pounce on the unaware helpless lorocyproca!
You eviscerate the lorocyproca!!!!!
You kill the lorocyproca!
You can now pass through a line of other dancers.
You scratch the fire giant but do no damage.
You bite the fire giant. You mangle the fire giant!! You bite the fire giant.
The meliai buzzes angrily.
The fire giant hits you with a +2 great sword of flaming!!
You die...

#################################
#..'..)#..#....'§.§§§.'..#§§'$$§$
'..#...##'#.####§.§§§##..'..#§§§§
####)..'..#§#$###§§§#######'#§§§§
#§§#####..§§#'#$###'#)..##.§#§§§§
§.§#§.##○####..$#y#.##...#..##§§§
~§§'§.#..°°.#..$###..###.#..≈###'
§.§#..#..○○)'..$$$##§#)#.#..≈,,#$
#####'###.°.#..C@.#..###.#..≈.##§
.)###.'.#...###''##.##...#..≈##§§
###.###.#..###..###..#'###..≈#..§
..'(∩##.#..####..###...#,~,,##..§
#######§##+#..#.$#$###.#,~,,#....
.....##.#*,#...$$○$$$#.#**,,#.§.§
.....§'.####○.$$○$○$$#.#,',,##§..
.######.#..○°..$.$####)#,**'*#...
....†§#.#####...###.C.C#,*~~~##..


You could see a fire giant and a meliai.

Vanquished Creatures
  A golden dragon (D)
  A shadow dragon (D)
  A fire giant (D)
  A daeva (D)
  A lorocyproca (D)
  A hydra (D)
  2 centaur warriors (D)
  4 demonic crawlers (D)
  Sonja (D)
  A deep troll (D)
  A lindwurm (D)
  An oklob plant (D)
  A gargoyle (D)
  7 unseen horrors (D)
  2 kobold demonologists (D)
  A hellwing (D)
  2 hornets (D)
  3 glass eyes (D)
  Sigmund (D)
  A slime creature (D)
  A yak (D)
  13 hogs (D)
  2 redbacks (D)
  An ogre (D)
  7 necrophages (D)
  8 jellies (D)
  Ijyb (D)
  A ballistomycete spore (D)
68 creatures vanquished.

Vanquished Creatures (others)
  2 merfolk sirens (D)
  A ballistomycete spore (D)
3 creatures vanquished.

Grand Total: 71 creatures vanquished

Notes
Turn   | Place    | Note
-------+----------+-------------------------------------------
     0 | D        | James the Felid Fighter began the quest for the Orb.
     0 | D        | Reached XP level 1. HP: 12/12 MP: 2/2
     1 | D        | Noticed Ijyb
     9 | D        | Slain by Ijyb
     9 | D        | Lost a life (0 lives remaining)
    18 | D        | Killed Ijyb
    19 | D        | Reached XP level 2. HP: 6/16 MP: 3/3
    63 | D        | Noticed an ogre
    66 | D        | Killed an ogre
    67 | D        | Reached XP level 3. HP: 20/20 MP: 4/4
    67 | D        | Reached XP level 4. HP: 24/24 MP: 5/5
    67 | D        | Gained a life (1 life remaining)
    76 | D        | Noticed Sigmund
    79 | D        | Killed Sigmund
    80 | D        | Reached XP level 5. HP: 28/28 MP: 6/6
    80 | D        | Gained mutation: You are covered in thick fur. (AC +2)
                  | [Felid growth]
    80 | D        | Reached XP level 6. HP: 32/32 MP: 7/7
    92 | D        | Found an ornate altar of the Wu Jian Council.
    92 | D        | Found a shimmering blue altar of Sif Muna.
    94 | D        | Found a radiant altar of Vehumet.
    96 | D        | Noticed a centaur warrior
   125 | D        | Found Navimoas's Antique Weapon Emporium.
   125 | D        | Found an ancient bone altar of Kikubaaqudgha.
   125 | D        | Found a stormy altar of Qazlal.
   125 | D        | Found a blossoming altar of Fedhas.
   125 | D        | Found a bloodstained altar of Trog.
   125 | D        | Found an iron altar of Okawaru.
   125 | D        | Found a glowing golden altar of the Shining One.
   125 | D        | Found a glowing silver altar of Zin.
   125 | D        | Found a white marble altar of Elyvilon.
   125 | D        | Noticed a yak
   126 | D        | Found a hazy altar of Hepliaklqana.
   126 | D        | Found a hide-covered altar of Uskayaw.
   126 | D        | Found a basalt altar of Yredelemnul.
   126 | D        | Found an opulent altar of Gozag.
   126 | D        | Found a snail-covered altar of Cheibriados.
   126 | D        | Found a sacrificial altar of Ru.
   126 | D        | Found a shadowy altar of Dithmenos.
   127 | D        | Killed a yak
   128 | D        | Found a sparkling altar of Nemelex Xobeh.
   131 | D        | Became a worshipper of Uskayaw the Reveller
   142 | D        | Noticed Sonja
   146 | D        | Killed Sonja
   146 | D        | Reached * piety under Uskayaw
   147 | D        | Reached XP level 7. HP: 36/36 MP: 8/8
   147 | D        | Gained a life (2 lives remaining)
   159 | D        | Found Wapnyvi's General Store.
   167 | D        | Bought 2 potions of cancellation for 160 gold pieces
   167 | D        | Bought a scroll of fear for 40 gold pieces
   179 | D        | Noticed a deep troll
   183 | D        | Killed a deep troll
   183 | D        | Reached ** piety under Uskayaw
   184 | D        | Reached skill level 5 in Fighting
   184 | D        | Reached skill level 6 in Dodging
   184 | D        | Reached XP level 8. HP: 43/43 MP: 8/11
   236 | D        | Found a burning altar of Makhleb.
   236 | D        | Found a viscous altar of Jiyva.
   236 | D        | Found a shimmering altar of Xom.
   236 | D        | Found a corrupted altar of Lugonu.
   236 | D        | Noticed a slime creature
   239 | D        | Killed a slime creature
   252 | D        | Noticed a kobold demonologist
   252 | D        | Noticed a glass eye
   253 | D        | Noticed a kobold demonologist
   255 | D        | Killed a glass eye
   256 | D        | Killed a kobold demonologist
   256 | D        | Reached *** piety under Uskayaw
   257 | D        | Reached XP level 9. HP: 51/51 MP: 12/12
   258 | D        | Killed a kobold demonologist
   259 | D        | Reached skill level 7 in Dodging
   264 | D        | Noticed a demonic crawler
   264 | D        | Noticed a demonic crawler
   264 | D        | Noticed a demonic crawler
   264 | D        | Noticed a demonic crawler
   270 | D        | Reached **** piety under Uskayaw
   272 | D        | Killed a demonic crawler
   273 | D        | Reached skill level 8 in Dodging
   273 | D        | Reached skill level 5 in Invocations
   273 | D        | Reached skill level 10 in Dodging
   273 | D        | Killed a demonic crawler
   273 | D        | Killed a demonic crawler
   274 | D        | Reached skill level 10 in Fighting
   274 | D        | Reached skill level 12 in Dodging
   274 | D        | Reached XP level 10. HP: 28/60 MP: 12/15
   274 | D        | Reached ***** piety under Uskayaw
   275 | D        | Killed a demonic crawler
   445 | D        | Noticed a lindwurm
   447 | D        | Killed a lindwurm
   458 | D        | Noticed a gargoyle
   465 | D        | Killed a gargoyle
   466 | D        | Reached skill level 15 in Stealth
   586 | D        | Noticed a centaur warrior
   589 | D        | Killed a centaur warrior
   590 | D        | Killed a centaur warrior
   609 | D        | Noticed an oklob plant
   611 | D        | Killed an oklob plant
   618 | D        | Reached skill level 13 in Dodging
   656 | D        | Reached skill level 14 in Dodging
   658 | D        | Reached XP level 11. HP: 65/65 MP: 18/18
   835 | D        | Reached skill level 15 in Dodging
   932 | D        | Found Bedwom's Magic Scroll Shoppe.
   933 | D        | Found Wiwet's Assorted Antiques.
   933 | D        | Found Ymiluoxt's Book Boutique.
   987 | D        | Found Buschink's Antique Weapon Boutique.
   988 | D        | Found Ygiky's Armour Emporium.
   989 | D        | Found Bum Vog's Antique Armour Emporium.
  1008 | D        | Found Fizeclui's Distillery.
  1008 | D        | Found Roehapip's Weapon Shop.
  1008 | D        | Found Lyuh's Weapon Shoppe.
  1008 | D        | Found Humecsed's Distillery.
  1008 | D        | Found Pyfre's Magic Scroll Emporium.
  1008 | D        | Found Puttial's Magic Scroll Shop.
  1008 | D        | Found Mely's Weapon Shoppe.
  1013 | D        | Found Xolyriur's Book Boutique.
  1051 | D        | Bought a scroll of revelation for 82 gold pieces
  1058 | D        | Bought an inky potion for 24 gold pieces
  1058 | D        | Bought a scroll labelled NILLEA QIYZXA for 27 gold pieces
  1064 | D        | Bought a scroll of identify for 22 gold pieces
  1066 | D        | Bought a scroll of acquirement for 572 gold pieces
  1066 | D        | Acquired a manual of Dodging
  1068 | D        | Acquired the ring of Uckirot {rCorr Str+4}
  1077 | D        | Bought a scroll of blinking for 97 gold pieces
  1081 | D        | Bought a potion of heal wounds for 50 gold pieces
  1125 | D        | Found Nyhown's Armour Emporium.
  1245 | D        | Noticed a shining eye
  1245 | D        | Noticed a shining eye
  1245 | D        | Noticed a shining eye
  1302 | D        | Reached skill level 16 in Dodging
  1310 | D        | Reached skill level 17 in Dodging
  1318 | D        | Reached skill level 18 in Dodging
  1321 | D        | Reached ****** piety under Uskayaw
  1324 | D        | Reached skill level 19 in Dodging
  1330 | D        | Reached skill level 20 in Dodging
  1336 | D        | Noticed a daeva
  1337 | D        | Killed a daeva
  1338 | D        | Reached skill level 21 in Dodging
  1558 | D        | Reached skill level 22 in Dodging
  1575 | D        | Reached skill level 10 in Invocations
  1666 | D        | Noticed a 12-headed hydra
  1668 | D        | Killed a 12-headed hydra
  1690 | D        | Noticed a deep elf annihilator
  1690 | D        | Engulfed by a cloud of steam
  1690 | D        | Lost a life (1 life remaining)
  1696 | D        | Noticed a shadow dragon
  1696 | D        | Noticed a golden dragon
  1701 | D        | Killed a shadow dragon
  1703 | D        | Killed a golden dragon
  1704 | D        | Gained mutation: Your thick and shaggy fur keeps you warm.
                  | (AC +3, rC+) [Felid growth]
  1704 | D        | Reached XP level 12. HP: 8/71 MP: 20/20
  1704 | D        | Gained a life (2 lives remaining)
  2079 | D        | Found Ybong's Distillery.
  2096 | D        | Bought 2 potions of heal wounds for 120 gold pieces
  2133 | D        | Found the +7 sceptre of Torment {pain, torment}
  2347 | D        | Noticed a fire giant
  2349 | D        | Noticed a fire giant
  2349 | D        | Noticed a fire giant
  2350 | D        | Killed from afar by a fire giant
  2350 | D        | Lost a life (1 life remaining)
  2365 | D        | Killed a fire giant
  2366 | D        | Killed from afar by a fire giant
  2366 | D        | Lost a life (0 lives remaining)
  2390 | D        | Acquired a ring of poison resistance
  2451 | D        | Noticed a lorocyproca
  2454 | D        | Killed a lorocyproca
  2456 | D        | Slain by a fire giant

Illustrated notes

Levels and vault maps discovered:
D:        dungeon_sprint_1 [red_sonja_temple_1, red_sonja_temple_small_1]

Skill      XL: |  1  2  3  4  5  6  7  8  9 10 11 12 |
---------------+-------------------------------------+-----
Stealth        | 8 9 11 12 18 20 | 20.0
Unarmed Combat | 8 11 16 17 18 19 | 19.7
Invocations    | 3 6 8 10 | 10.0
Fighting       | 5 8 10 11 12 | 12.0
Dodging        | 6 12 14 22 | 22.0

Action                     |  1- 3 |  4- 6 |  7- 9 | 10-12 || total
---------------------------+-------+-------+-------+-------++-------
  Melee: Unarmed           |    14 |     4 |    11 |   124 ||   153
         Punch             |     1 |       |     1 |    13 ||    15
         Bite              |     1 |       |       |    10 ||    11
 Invoke: Grand Finale      |       |       |       |     1 ||     1
    Use: Potion            |       |       |     1 |       ||     1
         Scroll            |       |       |       |     8 ||     8
   Stab: Sleeping          |     2 |     4 |     5 |    19 ||    30
         Paralysed         |       |       |       |     5 ||     5
 Armour: Skin              |     6 |       |    10 |    63 ||    79
  Dodge: Dodged            |     5 |       |    20 |    69 ||    94
